 Dungeon Crawl Stone Soup version 0.22.1-1-ga44c0e56f4 (webtiles) character file.

1250 LLavrengius the Skirmisher (level 8, -7/51 HPs)
             Began as a Kobold Arcane Marksman on Oct 27, 2018.
             Was an Initiate of Okawaru.
             Shot with an arrow by a centaur (11 damage)
             ... on level 7 of the Dungeon.
             The game lasted 00:26:54 (7029 turns).

LLavrengius the Skirmisher (Kobold Arcane Marksman) Turns: 7029, Time: 00:26:55

Health: -7/51      AC:  9    Str: 10    XL:     8   Next: 80%
Magic:  12/12      EV: 11    Int: 19    God:    Okawaru [......]
Gold:   331        SH:  0    Dex: 15    Spells: 6/12 levels left

rFire    . . .     SeeInvis .   u - +3 dagger (speed)
rCold    . . .     Gourm    .   (shield restricted)
rNeg     . . .     Faith    .   v - +2 scale mail {MR+}
rPois    .         Spirit   .   (no helmet)
rElec    .         Reflect  .   b - +0 cloak
rCorr    +         Harm     .   (no gloves)
MR       +....                  (no boots)
Stlth    ..........             (no amulet)
HPRegen  0.17/turn              (no ring)
MPRegen  0.13/turn              w - ring of resist corrosion

@: brilliant, flying, very slightly contaminated, invisible
A: small, carnivore
a: Renounce Religion


You were on level 7 of the Dungeon.
You worshipped Okawaru.
Okawaru was noncommittal.
You were very full.

You visited 1 branch of the dungeon, and saw 7 of its levels.

You collected 331 gold pieces.

Inventory:

Hand Weapons
 a - a +0 hand crossbow
 c - a +1 short sword of freezing
 h - a cursed -2 hunting sling
 u - a +3 dagger of speed (weapon)
Missiles
 d - 36 bolts
 q - 169 stones (quivered)
Armour
 b - a +0 cloak (worn)
 e - a +0 robe
 v - a +2 scale mail of magic resistance (worn)
Jewellery
 w - a ring of resist corrosion (right hand)
Scrolls
 g - 6 scrolls of identify
 i - 4 scrolls of teleportation
 k - 3 scrolls of remove curse
 l - a scroll of blinking
 m - a scroll of enchant weapon {unknown}
 n - a scroll of enchant armour {unknown}
 p - a scroll of immolation {unknown}
 r - 3 scrolls of amnesia {unknown}
 x - 2 scrolls of random uselessness {unknown}
Potions
 j - 4 potions of curing
 o - a potion of flight
 t - 2 potions of brilliance
Comestibles
 f - 10 rations


   Skills:
 + Level 5.7 Fighting
 - Level 4.1 Short Blades
 + Level 5.4 Crossbows
 - Level 3.0 Dodging
 + Level 2.7 Spellcasting
 + Level 4.1 Hexes
 + Level 4.8 Translocations


You had 6 spell levels left.
You knew the following spells:

 Your Spells              Type           Power        Failure   Level  Hunger
a - Corona                Hex            ####...      2%          1    None
b - Portal Projectile     Hex/Tloc       ####..       6%          3    ###....
c - Blink                 Tloc           N/A          3%          2    ##.....

Your spell library contained the following spells:

 Spells                   Type           Power        Failure   Level  Hunger
 Slow                     Hex            ####....     4%          2    ##.....
 Magic Dart               Conj           ##..         13%         1    None
 Inner Flame              Hex/Fire       ###.....     16%         3    ###....
 Call Imp                 Summ           ##......     17%         2    ##.....
 Cause Fear               Hex            ####......   22%         4    ####...
 Conjure Flame            Conj/Fire      ##......     32%         3    ###....
 Mephitic Cloud           Conj/Pois/Air  ##......     32%         3    ###....
 Leda's Liquefaction      Hex/Erth       ###.......   41%         4    ####...


Dungeon Overview and Level Annotations

Branches:
Dungeon (7/15)             Temple (0/1) D:7

Altars:
Elyvilon
Okawaru
Wu Jian

Shops:
D:5 }

Annotations:
D:6 Dowan, Duvessa


Innate Abilities, Weirdness & Mutations

You are small and have problems with some larger weapons.
You are carnivorous and can eat meat at any time.


Message History

The centaur is heavily wounded.
The centaur hits you.
* * * LOW HITPOINT WARNING * * *
You completely miss the centaur.
The centaur is heavily wounded.
The centaur hits you.
* * * LOW HITPOINT WARNING * * *
Found a shortbow.
There is a fountain of clear blue water here.
You hit the centaur.
The centaur is heavily wounded.
The centaur closely misses you.
You completely miss the centaur.
The centaur is heavily wounded.
The centaur hits you but does no damage.
You hit the centaur.
The centaur is severely wounded.
The centaur wields an uncursed shortbow.
The centaur shoots an arrow.
The arrow hits you!
You die...

#.# #.########### **
#.#.(.......######***
.####.#..............,,,*
........((.....#...#,,,,*
.####$#.###)...#.⌠.#,,,,*
***#........(###...###..* *******
#.<...####............* *,,,,,,
##....#**#..⌠.@c..⌠...* *,*****
##.#[.)..............* *,*
#.######.###...###..***,** ** #.*
*#..,#.⌠.#,,,,,,,,,* *, **+**
*...,#...#,,,*,*,,,***, **,,,**
#...,......,,*,,,,,,,,,
**,,,,,**#.#,*###..##,,,*,,,****
**,,,,,,,**,,,*,*,..#***,,,,,,**
*,,,,,,,,,***,,,,,,,******,*,,,**


You could see a centaur.

Vanquished Creatures
  2 ogres
  2 phantoms
  A centaur (D:7)
  A bullfrog (D:4)
  A water moccasin zombie (D:5)
  A scorpion (D:6)
  A howler monkey (D:6)
  A crimson imp (D:5)
  Crazy Yiuf (D:3)
  A hound (D:5)
  An orc priest (D:3)
  An orc wizard (D:3)
  Jessica (D:2)
  3 bullfrog skeletons
  Ijyb (D:3)
  Natasha (twice) (D:2)
  4 worker ants
  7 adders
  An ooze (D:2)
  An adder zombie (D:7)
  2 adder skeletons (D:4)
  A dart slug (D:1)
  4 leopard geckos
  18 orcs
  A ball python (D:4)
  3 giant cockroaches
  10 hobgoblins
  2 jackals (D:4)
  14 kobolds
  3 quokkas (D:2)
  9 bats
  4 frilled lizards
  7 goblins
  A jackal skeleton (D:5)
  2 quokka skeletons
  9 rats
124 creatures vanquished.

Notes
Turn   | Place    | Note
-------+----------+-------------------------------------------
     0 | D:1      | LLavrengius the Kobold Arcane Marksman began the quest for
                  | the Orb.
     0 | D:1      | Reached XP level 1. HP: 12/12 MP: 2/2
   339 | D:1      | Reached XP level 2. HP: 16/16 MP: 3/3
   828 | D:1      | Reached XP level 3. HP: 21/21 MP: 4/4
   836 | D:1      | Learned a level 3 spell: Portal Projectile
   882 | D:1      | You fall through a shaft!
  1145 | D:2      | Reached XP level 4. HP: 23/26 MP: 5/5
  1183 | D:2      | Noticed Jessica
  1185 | D:2      | Killed Jessica
  1185 | D:2      | Reached skill level 1 in Translocations
  1587 | D:2      | Noticed Natasha
  1595 | D:2      | Killed Natasha
  1595 | D:2      | Reached skill level 1 in Short Blades
  1595 | D:2      | Reached XP level 5. HP: 20/31 MP: 6/6
  2192 | D:2      | Noticed Natasha
  2211 | D:2      | Killed Natasha
  2755 | D:3      | Noticed Ijyb
  2792 | D:3      | Killed Ijyb
  2792 | D:3      | Reached XP level 6. HP: 16/37 MP: 7/7
  3974 | D:3      | Found a runed door.
  4090 | D:3      | Noticed Crazy Yiuf
  4097 | D:3      | Killed Crazy Yiuf
  4318 | D:4      | Reached XP level 7. HP: 26/42 MP: 8/8
  4773 | D:4      | Found an ornate altar of the Wu Jian Council.
  5174 | D:5      | Entered Level 5 of the Dungeon
  5291 | D:5      | Learned a level 2 spell: Blink
  5295 | D:5      | Found Plog's Gadget Boutique.
  5432 | D:5      | Reached skill level 5 in Fighting
  5492 | D:5      | Found a white marble altar of Elyvilon.
  5520 | D:5      | Became a worshipper of Elyvilon the Healer
  5648 | D:5      | Reached XP level 8. HP: 40/49 MP: 10/10
  6044 | D:5      | Found an iron altar of Okawaru.
  6222 | D:5      | Fell from the grace of Elyvilon
  6222 | D:5      | Became a worshipper of Warmaster Okawaru
  6348 | D:6      | Reached skill level 5 in Crossbows
  6649 | D:6      | Noticed Dowan
  6649 | D:6      | Noticed Duvessa
  7015 | D:7      | Found a staircase to the Ecumenical Temple.
  7029 | D:7      | Shot with an arrow by a centaur

Skill      XL: |  1  2  3  4  5  6  7  8 |
---------------+-------------------------+-----
Crossbows      | 3 4 5 |  5.4
Dodging        | 3 |  3.0
Fighting       | 2 3 5 |  5.7
Translocations | 1 2 4 |  4.8
Short Blades   | 1 3 4 |  4.1
Spellcasting   | 2 |  2.7
Hexes          | 4 |  4.1

Action                   |  1- 3 |  4- 6 |  7- 9 || total
-------------------------+-------+-------+-------++-------
Melee: Hand axe          |    14 |       |       ||    14
       Short sword       |    73 |   136 |       ||   209
       Dagger            |       |   126 |   382 ||   508
 Fire: Hand crossbow     |    10 |     5 |    11 ||    26
  Use: Potion            |     1 |       |     3 ||     4
       Scroll            |       |     5 |     2 ||     7
 Stab: Invisible         |       |       |     1 ||     1
  Eat: Chunk             |     9 |    10 |     7 ||    26
Armor: Robe              |     5 |       |       ||     5
       Leather armour    |    10 |    39 |       ||    49
       Scale mail        |       |    28 |    68 ||    96
Dodge: Dodged            |    64 |   157 |   121 ||   342
